 Dungeon Crawl Stone Soup version 0.17.1-2-g5865329 (webtiles) character file.

62 ololoev the Chopper (level 3, -3/29 HPs)
             Began as a Demonspawn Fighter on Feb 9, 2016.
             Slain by a wight
             ... wielding a +0 dagger
              (6 damage)
             ... on level 3 of the Dungeon.
             The game lasted 00:01:42 (277 turns).

ololoev the Chopper (Demonspawn Fighter)             Turns: 277, Time: 00:01:42

Health: -3/29      AC: 13    Str: 22    XL:     3   Next: 85%
Magic:  3/3        EV:  5    Int:  9    God:
Gold:   29         SH:  9    Dex: 12    Spells: 0 memorised, 2 levels left

rFire  . . .     SeeInvis .     a - +0 war axe
rCold  . . .     Clarity  .     g - +0 chain mail
rNeg   . . .     SustAt   .     c - +0 shield
rPois  .         Gourm    .     (no helmet)
rElec  .         Spirit   .     (no cloak)
rCorr  .         Warding  .     (no gloves)
rMut   .         Stasis   .     (no boots)
MR     .....                    (no amulet)
Stlth  ..........               (no ring)
                                (no ring)

@: mighty, drained, not resistant to hostile enchantments, extremely unstealthy
A: talons 1, iridescent scales 1
a: no special abilities


Innate Abilities, Weirdness & Mutations

You have sharp toenails.
You are partially covered in iridescent scales (AC +4).

Inventory:

Hand Weapons
 a - a +0 war axe (weapon)
Armour
 c - a +0 shield (worn)
 g - a +0 chain mail (worn)
Scrolls
 b - a scroll of magic mapping {unknown}
Comestibles
 e - 2 bread rations
 h - a beef jerky


   Skills:
 - Level 3.0(2.7) Fighting
 * Level 3.4(3.1) Axes
 + Level 3.1(2.9) Armour
 - Level 2.6(2.4) Shields


You had 2 spell levels left.
You didn't know any spells.


You were on level 3 of the Dungeon.
You were not hungry.

You visited 1 branch of the dungeon, and saw 3 of its levels.

You collected 29 gold pieces.

###....###.#.##...###.#.##
#....# #.#........# #....#
#.#...<#.#.# ######
#.#.####.#.# #.#........#
#.######.###.#
#.#..........#
########z######
≈≈≈≈..s@z.......
≈≈≈≈..†[z..#####
≈≈≈≈.......# #####......#
#####..# ..# ... w...

Notes
Turn   | Place    | Note
--------------------------------------------------------------
     0 | D:1      | ololoev the Demonspawn Fighter began the quest for the Orb.
     0 | D:1      | Reached XP level 1. HP: 18/18 MP: 1/1
   190 | D:3      | Gained mutation: You are partially covered in iridescent scales (AC +4). [demonic ancestry]
   190 | D:3      | Reached XP level 2. HP: 22/24 MP: 2/2
   239 | D:3      | Noticed an orc wizard
   249 | D:3      | Killed an orc wizard
   249 | D:3      | Gained mutation: You have sharp toenails. [demonic ancestry]
   249 | D:3      | Reached XP level 3. HP: 12/29 MP: 3/3
   270 | D:3      | Noticed a wight
   270 | D:3      | Noticed a wight
   270 | D:3      | Noticed a wight
   277 | D:3      | Slain by a wight

Dungeon Overview and Level Annotations

Branches:
Dungeon (3/15)

Altars:


Message History

An orc comes into view.
The orc shouts!
Press: ? - help, v - describe, . - travel
Here: a wight, wielding a battleaxe and wearing a robe The floor.
Unknown command.
Drink which item? (? for menu, Esc to quit)
It was a potion of curing.
You feel better. You block the giant cockroach's attack.
Drink which item? (? for menu, Esc to quit)
You feel very mighty all of a sudden. You block the giant gecko's attack.
You block the giant cockroach's attack. The giant gecko bites you.
Your shield and chain mail prevent you from hitting the wight.
You slash the giant gecko!
You kill the giant gecko!
You hit the giant cockroach but do no damage.
The giant cockroach bites you but does no damage.
The wight hits you with an enchanted dagger.
The giant cockroach barely misses you. The giant cockroach bites you.
Your shield and chain mail prevent you from hitting the wight.
Your kick misses the wight. You closely miss the giant cockroach.
You slash the giant cockroach!
You kill the giant cockroach!
The wight hits you with an enchanted dagger.
You feel drained.
The giant cockroach bites you but does no damage.
You closely miss the wight. Your kick misses the wight.
You closely miss the giant cockroach. You barely miss the orc.
You block the giant cockroach's attack. The wight hits you but does no damage.
The giant cockroach bites you but does no damage.
The orc hits you but does no damage.
Unknown command.
You slash the wight!
The wight is severely damaged.
You barely miss the giant cockroach. You slash the orc!
You kill the orc!
The giant cockroach bites you. The giant cockroach barely misses you.
The wight hits you with a dagger.
You die...

You could see a worm (wandering), 3 wights and a giant cockroach.

Vanquished Creatures
  An orc wizard (D:3)
  A worm (D:3)
  2 giant geckos
  8 orcs (D:3)
  A ball python (D:2)
  2 bats
  A giant cockroach (D:3)
  3 jackals (D:3)
  A kobold (D:3)
  3 rats
23 creatures vanquished.

Action                   || total
-------------------------++-------
Melee: War axe           ||    49
  Use: Potion            ||     2

Vault maps used:
D:1:      noname_arrival_rooms_in_the_neighbourhood
D:2:      ecumenical_altar_2, st_stairs_1
D:3:      portal_sewer_entry_f, uniq_iyjb
